 Dungeon Crawl Stone Soup version 0.23.2-1-ga50397a6bc (webtiles) character file.

Game seed: 14958347829021700640

23483 Marnok the Severer (level 12, -3/107 HPs)
             Began as a Minotaur Fighter on Apr 16, 2019.
             Was an Elder of Wu Jian.
             Slain by a shadow wraith (5 damage)
             ... on level 2 of the Abyss.
             The game lasted 00:43:44 (12214 turns).

Marnok the Severer (Minotaur Fighter)              Turns: 12214, Time: 00:43:45

Health: -3/107     AC: 16    Str: 19    XL:     12   Next: 72%
Magic:  11/11      EV:  7    Int:  2    God:    Wu Jian [****..]
Gold:   1318       SH: 12    Dex:  8    Spells: 11/11 levels left

rFire    + + .     SeeInvis .   a - +3 war axe (flame)
rCold    + . .     Gourm    .   c - +0 shield
rNeg     . . .     Faith    .   x - +0 plate armour
rPois    +         Spirit   .   (helmet restricted)
rElec    +         Reflect  .   (no cloak)
rCorr    +         Harm     .   e - +0 pair of gloves
MR       .....                  g - +0 pair of boots
Stlth    ..........             E - amulet of regeneration
HPRegen  0.67/turn              n - +3 ring of slaying
MPRegen  0.12/turn              k - +3 ring of protection

@: resistant, silenced
A: retaliatory headbutt, horns 2, camouflage 1, [blurry vision 3], [clumsy 2],
[deformed body], [dopey 2], fire resistance 1, [weak 2]
a: Wall Jump, Renounce Religion


You were on level 2 of the Abyss.
You worshipped Wu Jian.
Wu Jian was greatly pleased with you.
You were hungry.

You visited 2 branches of the dungeon, and saw 14 of its levels.
You visited the Abyss 1 time.
You also visited: Ossuary and Bailey.

You collected 1966 gold pieces.
You spent 648 gold pieces at shops.

Inventory:

Hand Weapons
 a - a +3 war axe of flaming (weapon)
 s - a +2 vampiric trident
 S - a +0 double sword
Missiles
 l - 5 javelins (quivered)
Armour
 c - a +0 shield (worn)
 e - a +0 pair of gloves (worn)
 g - a +0 pair of boots (worn)
 x - a +0 plate armour (worn)
 B - a +0 troll leather armour
 U - a +0 shield
Jewellery
 b - an uncursed ring of protection from cold
 j - an uncursed ring of poison resistance
 k - a +3 ring of protection (right hand)
 n - a +3 ring of slaying (left hand)
 o - an uncursed ring of ice
 E - an amulet of regeneration (around neck)
 J - an uncursed ring of positive energy
Wands
 r - a wand of flame (38)
 A - a wand of acid (8)
 K - a wand of disintegration (22)
 M - a wand of iceblast (5)
 N - a wand of clouds (5)
 P - a wand of polymorph (9)
 Q - a wand of paralysis (20)
 Y - a wand of scattershot (8)
Scrolls
 h - a scroll of holy word
 i - 2 scrolls of fear
 m - a scroll of enchant armour
 t - 7 scrolls of remove curse
 v - 2 scrolls of blinking
 y - 5 scrolls of teleportation
 z - 2 scrolls of amnesia
 C - a scroll of acquirement {unknown}
 O - 2 scrolls of fog
 V - 3 scrolls of identify
 Z - a scroll of magic mapping
Potions
 d - 2 potions of might
 p - 6 potions of flight
 u - a potion of magic
 w - 4 potions of agility
 I - a potion of cancellation
Miscellaneous
 G - a phial of floods
 H - a sack of spiders
 X - a fan of gales
Comestibles
 f - 27 rations
 F - 2 chunks of flesh


   Skills:
 + Level 10.5 Fighting
 + Level 16.1 Axes
 + Level 0.7 Throwing
 + Level 12.1 Armour
 + Level 3.7 Dodging
 + Level 1.1 Stealth
 + Level 11.4 Shields


You had 11 spell levels left.
You didn't know any spells.
Your spell library contained the following spells:

 Spells                   Type           Power        Failure   Level  Hunger
 Animate Skeleton         Necr           N/A          100%        1    ##.....
 Pain                     Necr           #...         100%        1    ##.....
 Ignite Poison            Fire/Tmut/Pois #.......     100%        3    ####...
 Regeneration             Chrm/Necr      #.........   100%        3    ####...
 Vampiric Draining        Necr           #.........   100%        3    ####...
 Animate Dead             Necr           N/A          100%        4    #####..
 Leda's Liquefaction      Hex/Erth       #.........   100%        4    #####..
 Bolt of Magma            Conj/Fire/Erth #.........   100%        5    ######.
 Fireball                 Conj/Fire      #.........   100%        5    ######.
 Bolt of Fire             Conj/Fire      #.........   100%        6    #######
 Iron Shot                Conj/Erth      #.........   100%        6    #######
 Statue Form              Tmut/Erth      #........    100%        6    #######
 Ring of Flames           Chrm/Fire      #.........   100%        7    #######
 Ignition                 Fire           #.........   100%        8    #######
 Shatter                  Erth           #.........   100%        9    #######


Dungeon Overview and Level Annotations

Branches:
Dungeon (13/15)            Temple (1/1) D:4            Lair (0/6) D:9
    Orc (0/2) D:9
 Vaults: D:13-14

Altars:
Ashenzari
Cheibriados
Dithmenos
Elyvilon
Fedhas
Gozag
Hepliaklqana
Kikubaaqudgha
Nemelex Xobeh
Okawaru
Qazlal
Ru
Sif Muna
Trog
Uskayaw
Vehumet
Wu Jian
Xom
Yredelemnul
Zin
The Shining One

Shops:
D:6 =   D:12 ?

Annotations:
D:13 Sonja


Innate Abilities, Weirdness & Mutations

You reflexively headbutt those who attack you in melee.
You have a pair of horns on your head.
Your skin changes colour to match your surroundings (Stealth+).
Your flesh is heat resistant. (rF+)
[Scrolls take you much longer to read.]
[You are very clumsy. (Dex -4)]
[Armour fits poorly on your strangely shaped body.]
[You are very dopey. (Int -4)]
[You are very weak. (Str -4)]


Message History

The red draconian monk kicks you! The red draconian monk tail-slaps you.
You miss the red draconian monk. The red draconian monk hits you!
The red draconian monk kicks you! The red draconian monk tail-slaps you!
You slash the red draconian monk! You burn the red draconian monk.
Your headbutt misses the red draconian monk.
The red draconian monk is lightly wounded.
You feel protected. The red draconian monk hits you!!
* * * LOW HITPOINT WARNING * * *
The red draconian monk kicks you!
* * * LOW HITPOINT WARNING * * *
The red draconian monk tail-slaps you.
* * * LOW HITPOINT WARNING * * *
Aiming: Wall Jump
Press: ? - help, Dir - move target cursor The red draconian monk breathes flames at you.
The searing blast hits you! You resist.
* * * LOW HITPOINT WARNING * * *
Something hits you.
You die...

.. #.#.###. ##
#.# .# ... ####
###.#....#... .
#
#.#°##.#.#.....
# .## #...#..
.q# #.#... #.
#.☼#.##...#..
.#.#..
#.q.##.#..### ..
#.##.#...#. ## .
#.@....#..##....
#. #......#. #.
... ##..##.....
##.. .
##..#.###.## #.
.##.... . ### #
..# ... . .
####... #. ..


There were no monsters in sight!

Vanquished Creatures
  Rupert (D:12)
  Josephine (D:12)
  A hydra (D:12)
  Erica (D:9)
  2 two-headed ogres (D:12)
  3 death yaks (D:8)
  A thrashing horror (Abyss:2)
  2 unseen horrors
  3 ugly things (D:12)
  2 large abominations (Abyss:2)
  A cyclops (D:12)
  Psyche (D:12)
  2 ice devils (D:11)
  2 ancient zymes (Abyss:2)
  A troll (D:9)
  A raiju (Abyss:2)
  4 hippogriffs
  4 wraiths
  A wyvern (D:8)
  A water elemental (Abyss:2)
  A shadow (D:13)
  2 steam dragons (D:11)
  Grum (D:11)
  2 hungry ghosts
  2 water moccasins
  Menkaure (Ossuary)
  A soldier ant (D:12)
  4 porcupines
  2 sky beasts
  4 ice beasts
  An ogre (D:8)
  2 eyes of draining
  4 orc warriors
  A necrophage (D:10)
  5 phantoms
  3 wolves (D:11)
  2 centaurs (D:7)
  A crocodile (D:9)
  8 bullfrogs
  An elf zombie (Ossuary)
  8 gnoll sergeants (Bailey)
  A wyvern zombie (D:12)
  6 scorpions
  A wyvern skeleton (D:12)
  8 killer bees
  4 howler monkeys
  12 wights
  4 electric eels (D:6)
  3 crimson imps
  A bullfrog zombie (D:6)
  2 centaur zombies
  A quasit (D:5)
  6 gnoll shamans (Bailey)
  4 hounds
  3 jellies
  2 orc priests (D:7)
  4 bullfrog skeletons
  7 centaur skeletons
  7 worker ants
  2 iguanas
  7 orc wizards
  4 ogre zombies (Ossuary)
  2 hound skeletons
  5 mummies (Ossuary)
  A worker ant zombie (D:9)
  21 adders
  23 gnolls
  A howler monkey skeleton (D:10)
  2 river rats (D:9)
  3 shadow imps
  An ufetubus (Abyss:2)
  4 oozes
  An adder zombie (Ossuary)
  An adder skeleton (D:5)
  3 worms
  3 dart slugs
  9 leopard geckos
  34 orcs
  10 bats
  5 giant cockroaches
  9 goblins
  9 hobgoblins
  2 jackals (D:2)
  8 kobolds
  2 quokkas
  4 frilled lizards
  A gnoll zombie (Ossuary)
  2 goblin zombies (Ossuary)
  5 hobgoblin zombies (Ossuary)
  A jackal skeleton (D:7)
  6 kobold zombies (Ossuary)
  3 leopard gecko skeletons
  6 quokka zombies
  7 rats
  4 rat zombies (Ossuary)
  2 plants (D:6)
380 creatures vanquished.

Vanquished Creatures (others)
  A plant (D:6)
1 creature vanquished.

Grand Total: 381 creatures vanquished

Notes
Turn   | Place    | Note
-------+----------+-------------------------------------------
     0 | D:1      | Marnok the Minotaur Fighter began the quest for the Orb.
     0 | D:1      | Reached XP level 1. HP: 19/19 MP: 0/0
   396 | D:1      | Reached XP level 2. HP: 27/27 MP: 1/1
   776 | D:1      | Reached XP level 3. HP: 34/34 MP: 2/2
  1111 | D:2      | Reached skill level 3 in Axes
  1388 | D:2      | Reached XP level 4. HP: 32/41 MP: 3/3
  1832 | D:2      | Reached XP level 5. HP: 47/47 MP: 4/4
  1844 | D:2      | Reached skill level 4 in Axes
  2604 | D:3      | Reached skill level 5 in Shields
  2839 | D:3      | Found a shimmering altar of Xom.
  2940 | D:3      | Reached skill level 5 in Fighting
  2940 | D:3      | Reached skill level 5 in Axes
  2940 | D:3      | Reached XP level 6. HP: 54/56 MP: 5/5
  3298 | D:4      | Reached skill level 1 in Dodging
  3448 | D:4      | Found a staircase to the Ecumenical Temple.
  3480 | D:4      | Found a sand-covered staircase.
  3494 | Ossuary  | Entered an ossuary
  3604 | Ossuary  | Reached skill level 6 in Axes
  3642 | Ossuary  | Reached XP level 7. HP: 61/61 MP: 6/6
  3839 | Ossuary  | Reached skill level 5 in Armour
  3875 | Ossuary  | Noticed Menkaure
  3889 | Ossuary  | Killed Menkaure
  3889 | Ossuary  | Reached skill level 7 in Axes
  3952 | Ossuary  | Gained mutation: Your skin changes colour to match your
                  | surroundings (Stealth+). [potion of mutation]
  3952 | Ossuary  | Gained mutation: Your flesh is heat resistant. (rF+)
                  | [potion of mutation]
  4425 | D:5      | Entered Level 5 of the Dungeon
  4461 | D:5      | Reached skill level 8 in Axes
  4574 | D:5      | Reached XP level 8. HP: 67/69 MP: 7/7
  5350 | D:6      | Found a glowing silver altar of Zin.
  5665 | D:6      | Reached skill level 9 in Axes
  5913 | D:6      | Found an iron altar of Okawaru.
  5920 | D:6      | Found Xezopim's Jewellery Boutique.
  5947 | D:6      | Bought an uncursed amulet of regeneration for 330 gold
                  | pieces
  5968 | D:6      | Found a bloodstained altar of Trog.
  6550 | D:7      | Found a bloodstained altar of Trog.
  6572 | D:7      | Reached skill level 10 in Axes
  6572 | D:7      | Reached XP level 9. HP: 59/75 MP: 8/8
  6794 | D:7      | Reached skill level 11 in Axes
  7167 | Temple   | Entered the Ecumenical Temple
  7302 | Temple   | Became a worshipper of the Wu Jian Council
  7472 | D:8      | Found an opulent altar of Gozag.
  7976 | D:9      | Reached XP level 10. HP: 84/86 MP: 9/9
  8038 | D:9      | Reached * piety under Wu Jian
  8039 | D:9      | Noticed a death yak
  8040 | D:9      | Noticed a death yak
  8040 | D:9      | Noticed Erica
  8047 | D:9      | Noticed a death yak
  8063 | D:8      | Reached skill level 12 in Axes
  8066 | D:8      | Killed a death yak
  8161 | D:8      | Killed a death yak
  8163 | D:8      | Killed a death yak
  8163 | D:8      | Reached skill level 13 in Axes
  8286 | D:9      | Killed Erica
  8583 | D:9      | Reached XP level 11. HP: 92/95 MP: 10/10
  8726 | D:9      | Found a staircase to the Lair.
  8749 | D:9      | Found a staircase to the Orcish Mines.
  8888 | D:9      | Reached skill level 10 in Armour
  8912 | D:10     | Entered Level 10 of the Dungeon
  8950 | D:10     | Found a flagged portal.
  8959 | Bailey   | Entered a bailey
  9032 | Bailey   | Reached ** piety under Wu Jian
  9607 | D:10     | Killed an unseen horror
 10171 | D:11     | Reached skill level 14 in Axes
 10233 | D:11     | Killed an unseen horror
 10254 | D:11     | Reached *** piety under Wu Jian
 10386 | D:11     | Noticed Grum
 10395 | D:11     | Killed Grum
 11086 | D:12     | Noticed Josephine
 11101 | D:11     | Reached skill level 10 in Shields
 11215 | D:12     | Killed Josephine
 11259 | D:12     | Noticed an eight-headed hydra
 11270 | D:12     | Killed a three-headed hydra
 11270 | D:12     | Reached skill level 1 in Stealth
 11275 | D:12     | Noticed a purple ugly thing
 11278 | D:12     | Noticed a red ugly thing
 11284 | D:12     | Killed a purple ugly thing
 11284 | D:12     | Reached XP level 12. HP: 99/105 MP: 3/11
 11326 | D:12     | Reached **** piety under Wu Jian
 11440 | D:12     | Found Fycyd's Magic Scroll Shop.
 11443 | D:12     | Bought a scroll of identify for 24 gold pieces
 11443 | D:12     | Bought a scroll of identify for 24 gold pieces
 11443 | D:12     | Bought a scroll of identify for 24 gold pieces
 11443 | D:12     | Bought a scroll of magic mapping for 42 gold pieces
 11443 | D:12     | Bought a scroll of enchant armour for 90 gold pieces
 11443 | D:12     | Bought a scroll of identify for 24 gold pieces
 11443 | D:12     | Bought a scroll of holy word for 90 gold pieces
 11470 | D:12     | Reached skill level 15 in Axes
 11513 | D:12     | Noticed Psyche
 11516 | D:12     | Killed Psyche
 11517 | D:12     | Noticed a two-headed ogre
 11525 | D:12     | Killed a two-headed ogre
 11540 | D:12     | Noticed Rupert
 11540 | D:12     | Paralysed by Rupert for 6 turns
 11549 | D:12     | Killed Rupert
 11549 | D:12     | Reached skill level 10 in Fighting
 11827 | D:12     | Noticed a two-headed ogre
 11836 | D:12     | Killed a two-headed ogre
 11965 | D:13     | Noticed Sonja
 11971 | D:13     | Cast into level 1 of the Abyss (Sonja)
 11978 | Abyss:2  | Found a corrupted altar of Lugonu.
 12029 | Abyss:2  | Reached skill level 16 in Axes
 12056 | Abyss:2  | Noticed a green death
 12172 | Abyss:2  | Noticed a red draconian monk
 12212 | Abyss:2  | HP: 1/107 [red draconian monk/searing blast (10)]
 12214 | Abyss:2  | Slain by a shadow wraith

Skill      XL: |  1  2  3  4  5  6  7  8  9 10 11 12 |
---------------+-------------------------------------+-----
Fighting       | 4 5 6 7 8 9 10 | 10.5
Shields        | 4 5 6 7 9 10 11 | 11.4
Armour         | 4 5 6 8 9 11 12 | 12.1
Axes           | 3 5 6 8 10 11 13 14 16 | 16.1
Dodging        | 1 2 3 |  3.7
Stealth        | 1 |  1.1
Throwing       | |  0.7

Action                   |  1- 3 |  4- 6 |  7- 9 | 10-12 || total
-------------------------+-------+-------+-------+-------++-------
Melee: War axe           |    81 |   218 |   336 |   473 ||  1108
       Headbutt          |    11 |    35 |    56 |   101 ||   203
Throw: Javelin           |       |       |       |     2 ||     2
Invok: Lunge             |       |       |     5 |    45 ||    50
       Whirlwind         |       |       |       |    27 ||    27
 Abil: Wall Jump         |       |       |       |     1 ||     1
  Use: Scroll            |       |       |    15 |     9 ||    24
       Potion            |       |       |    14 |    10 ||    24
 Stab: Invisible         |       |       |     1 |       ||     1
  Eat: Chunk             |     2 |     6 |    15 |     7 ||    30
       Ration            |       |       |     1 |     2 ||     3
Armor: Scale mail        |    34 |   109 |    64 |       ||   207
       Plate armour      |       |       |    86 |   280 ||   366
Dodge: Dodged            |    28 |    49 |    78 |    94 ||   249
Block: Shield            |    38 |   125 |   147 |   263 ||   573
